 Dungeon Sprint DCSS version 0.30.0-20-g3b4254fcbd (webtiles) character file.

Game seed: 15521985824319327315

14800000 Groucho the Axe Maniac (level 27, -39/228 HPs)
             Began as a Djinni Warper on June 2, 2023.
             Was the Champion of Makhleb.
             Killed by the air
             ... invoked by The Meatlord
              (92 damage)
             ... in the Dungeon (Sprint VIII: "Arena of Blood").
             The game lasted 00:07:31 (148 turns).

Groucho the Axe Maniac (Djinni Warper)               Turns: 148, Time: 00:07:32

Health: -39/228    AC:  6    Str: 10    XL:     27
Gold:   0          EV: 30    Int: 23    God:    Makhleb [******] SH:  0 Dex: 19

rFire   + + .        i - +∞ Axe of Woe
rCold   x . .        (shield currently unavailable)
rNeg    . . .        b - +0 leather armour
rPois   ∞            (no helmet)
rElec   .            (no cloak)
rCorr   .            (no gloves)
SInv    +            (boots unavailable)
Will    ++...        (no amulet)
Stlth   ++++++++++   j - ring of see invisible
HPRegen 0.58/turn    (no ring)
MPRegen 0.00/turn

%: no teleportation, infuse magic (-40 HP)
@: flying, slowed, very slow
A: sickness immunity, fire resistance 2, cold vulnerability 1, float, innate
caster, HP casting, extra vitality 1
a: Renounce Religion, Minor Destruction, Lesser Servant of Makhleb, Major
Destruction, Greater Servant of Makhleb


You were in the Dungeon.
You worshipped Makhleb.
Makhleb was exalted by your worship.
You visited 1 branch

Inventory:

Hand Weapons
 a - a +0 hand axe
 i - the +∞ Axe of Woe (weapon)
   (You found it in the Dungeon)
Missiles
 d - 7 boomerangs of dispersal
Armour
 b - a +0 leather armour (worn)
Jewellery
 j - a ring of see invisible (left hand)
 k - a +200 ring of slaying
 l - a +30 ring of slaying
 m - a +250 ring of slaying
 n - a +200 ring of slaying
 o - a +250 ring of slaying
 p - a +400 ring of slaying
 q - a +400 ring of slaying
Scrolls
 c - 2 scrolls of blinking
Potions
 e - a potion of curing
 f - a potion of heal wounds
 g - a potion of haste
 h - a potion of berserk rage


   Skills:
 O Level 27 Fighting
 O Level 27 Short Blades
 O Level 27 Long Blades
 O Level 27 Axes
 O Level 27 Maces & Flails
 O Level 27 Polearms
 O Level 27 Staves
 O Level 27 Ranged Weapons
 O Level 27 Throwing
 O Level 27 Armour
 O Level 27 Dodging
 O Level 27 Stealth
 O Level 27 Shields
 O Level 27 Unarmed Combat
 O Level 27 Spellcasting
 O Level 27 Invocations
 O Level 27 Evocations


You knew the following spells:

 Your Spells              Type           Power      Damage    Failure   Level
a - Blink                 Tloc           100%       N/A       0%          2
b - Lesser Beckoning      Tloc           100%       N/A       0%          2
c - Vhi's Electric Charg  Tloc/Air       100%       N/A       0%          3
d - Teleport Other        Tloc           100%       N/A       0%          3
e - Manifold Assault      Tloc           100%       N/A       0%          4
f - Summon Small Mammal   Summ           100%       N/A       0%          1
g - Static Discharge      Conj/Air       100%       2-7/arc   0%          2
h - Gell's Gravitas       Tloc           100%       N/A       0%          3
i - Animate Dead          Necr           100%       N/A       0%          4
j - Lee's Rapid Deconstr  Erth           50%        3d24*     0%          5
k - Blade Hands           Tmut           50%        N/A       0%          5
l - Statue Form           Tmut/Erth      67%        N/A       0%          6
m - Dragon Form           Tmut           50%        N/A       0%          7
n - Haunt                 Necr/Summ      50%        N/A       0%          7
o - Spellforged Servitor  Conj/Summ      50%        N/A       0%          7
p - Summon Horrible Thin  Summ           50%        N/A       1%          8
q - Shatter               Erth           50%        3d38*     1%          9
r - Polar Vortex          Ice            50%        N/A       1%          9
Your spell library was empty.

Dungeon Overview and Level Annotations

Branches:
Dungeon (1/1)

Altars:
Makhleb

Annotations:
D The Meatlord


Innate Abilities, Weirdness & Mutations

You are immune to sickness and miasma.
You are immune to poison.
Your flesh is very heat resistant. (rF++)
You are vulnerable to cold. (rC-)
You float through the air rather than walking.
You learn spells naturally, not from books.
Your magical power is your life essence.
You have superior vitality. (+4 MHP)


Message History

The observer convulses!
The bag of meat convulses!
The bag of meat shouts!
The meat berserker convulses!
Your body is wracked with pain!
The bag of meat convulses!
The fleshlord gestures wildly while chanting.
The fleshlord seems to speed up.
You hear a shout! x2; You hear a screech!
You hear a shout!
A bag of meat and 2 ball lightnings come into view.
You slice the meat berserker!!
You dissect the meat berserker like a pig carcass.
You kill the meat berserker!
Makhleb accepts your kill.
You feel better.
You hit the meat beast but do no damage.
You fatally mangle the meat beast.
You kill the meat beast!
Makhleb accepts your kill.
You feel better.
You slice the ball lightning!!
You chop the ball lightning into pieces.
The ball lightning explodes!
The blast of lightning engulfs you!!!!
Ouch! That really hurt!
* * * LOW HITPOINT WARNING * * *
The blast of lightning engulfs The Meatlord.
The Meatlord completely resists.
The blast of lightning engulfs the accursed!!
The accursed resists.
The blast of lightning engulfs the ball lightning.
The ball lightning completely resists.
The blast of lightning engulfs the bag of meat!!!!!
You hear a roar!
You hear a bellow!
You hear a bark!
You hear a shout! x4
You hear an angry hiss.
You hear a shout! x5; You hear a bellow!
You hear a shout! x3; You hear an angry hiss.
You hear a roar!
You hear a shout! x4
You hear a roar!
You hear a shout!
You hear an angry hiss.
You hear a roar!
You hear a shout! x9; You hear an angry hiss.
You hear a shout! x4
You hear a roar!
You hear a shout! x6; You hear an angry hiss.
You hear a shout! x5; You hear an angry hiss.
You hear a shout! x5
The Meatlord waves their arms in wide circles.
The air twists around and strikes you!!!!
You die... .oOO OD)p. .. #oOO

.# . #§.2 ..#
)L..###*&. ..###.
D...)....###......
.#.....M)2_..).....
.o.))..#)@)..# ....
..W.§))#_.<._#.....
...†)..#.o)..#)....
.#.).))).)_.)......
......)).###)).)..
.).)###.)....)###.
......#.))).).#...
...).#)))))..#...
).......).†)).)..


You could see The Meatlord, an accursed, a meat beast (fast), an eight-headed
meat hydra, 2 large bags of meat, 2 meat berserkers, 3 bags of meat and a ball
lightning.

Vanquished Creatures
  11 hell knights (D)
  13 hell beasts (D)
  Edmund (D)
  5 royal mummies (D)
  10 great orbs of eyes (D)
  8 wraiths (D)
  Harold (D)
  11 vampire knights (D)
  40 ogres (D)
  10 two-headed ogres (D)
  7 liches (D)
  4 hydras (D)
  4 phantoms (D)
  58 orcs (D)
  6 skeletal warriors (D)
  7 sea snakes (D)
  A ball lightning (D)
197 creatures vanquished.

Notes
Turn   | Place    | Note
-------+----------+-------------------------------------------
     0 | D        | Found the +∞ Axe of Woe
     0 | D        | Groucho the Djinni Warper began the quest for the Orb.
     0 | D        | Groucho set off with the following spells memorised: Blink,
                  | Lesser Beckoning, Vhi's Electric Charge, Teleport Other,
                  | Manifold Assault.
     0 | D        | Reached XP level 1. HP: 18/18 MP: 0/0
     2 | D        | Noticed a bag of meat
     3 | D        | Noticed a meat berserker
     4 | D        | Became a worshipper of Makhleb the Destroyer
     5 | D        | Noticed a bag of meat
     5 | D        | Noticed a bag of meat
     6 | D        | Killed a meat berserker
     7 | D        | Reached XP level 2. HP: 23/23 MP: 0/0
     7 | D        | Reached XP level 3. HP: 28/28 MP: 0/0
     7 | D        | Learned a level 1 spell: Summon Small Mammal
     7 | D        | Reached XP level 4. HP: 33/33 MP: 0/0
     7 | D        | Reached XP level 5. HP: 38/38 MP: 0/0
     7 | D        | Learned a level 2 spell: Static Discharge
     7 | D        | Reached XP level 6. HP: 43/43 MP: 0/0
     7 | D        | Reached XP level 7. HP: 49/49 MP: 0/0
     7 | D        | Learned a level 3 spell: Gell's Gravitas
     7 | D        | Reached XP level 8. HP: 54/54 MP: 0/0
     7 | D        | Reached XP level 9. HP: 58/58 MP: 0/0
     7 | D        | Learned a level 4 spell: Animate Dead
     7 | D        | Reached XP level 10. HP: 64/64 MP: 0/0
     7 | D        | Reached XP level 11. HP: 68/68 MP: 0/0
     7 | D        | Learned a level 5 spell: Lee's Rapid Deconstruction
     7 | D        | Reached XP level 12. HP: 74/74 MP: 0/0
     7 | D        | Killed a bag of meat
     7 | D        | Reached * piety under Makhleb
     8 | D        | Reached XP level 13. HP: 78/78 MP: 0/0
     8 | D        | Learned a level 5 spell: Blade Hands
     8 | D        | Killed a bag of meat
     9 | D        | Killed a bag of meat
    10 | D        | Reached XP level 14. HP: 85/85 MP: 0/0
    10 | D        | Noticed a bag of meat
    10 | D        | Noticed a bag of meat
    10 | D        | Noticed a bag of meat
    10 | D        | Noticed a bag of meat
    11 | D        | Killed a bag of meat
    11 | D        | Reached ** piety under Makhleb
    11 | D        | Killed a bag of meat
    11 | D        | Killed a bag of meat
    11 | D        | Killed a bag of meat
    11 | D        | Noticed a bag of meat
    11 | D        | Noticed a bag of meat
    11 | D        | Noticed a bag of meat
    12 | D        | Reached XP level 15. HP: 89/89 MP: 0/0
    12 | D        | Learned a level 6 spell: Statue Form
    12 | D        | Reached *** piety under Makhleb
    13 | D        | Reached XP level 16. HP: 94/94 MP: 0/0
    14 | D        | Reached **** piety under Makhleb
    14 | D        | Noticed a large bag of meat
    15 | D        | Reached skill level 27 in Axes
    15 | D        | Reached skill level 10 in Stealth
    15 | D        | Reached XP level 17. HP: 99/99 MP: 0/0
    15 | D        | Learned a level 7 spell: Dragon Form
    15 | D        | Reached ***** piety under Makhleb
    15 | D        | Noticed a meat berserker
    16 | D        | Reached skill level 27 in Dodging
    16 | D        | Killed a large bag of meat
    16 | D        | Killed a meat berserker
    16 | D        | Noticed a meat berserker
    17 | D        | Killed a meat berserker
    18 | D        | Reached XP level 18. HP: 104/104 MP: 0/0
    18 | D        | Noticed a large bag of meat
    18 | D        | Noticed a meat berserker
    18 | D        | Noticed a meat berserker
    18 | D        | Noticed a meat berserker
    19 | D        | Killed a meat berserker
    19 | D        | Noticed a meat berserker
    20 | D        | Noticed a meat berserker
    20 | D        | Killed a large bag of meat
    20 | D        | Reached ****** piety under Makhleb
    20 | D        | Killed a meat berserker
    20 | D        | Killed a meat berserker
    20 | D        | Noticed a large bag of meat
    21 | D        | Reached skill level 27 in Stealth
    21 | D        | Reached skill level 27 in Spellcasting
    21 | D        | Reached XP level 19. HP: 109/109 MP: 0/0
    21 | D        | Learned a level 7 spell: Haunt
    21 | D        | Killed a large bag of meat
    21 | D        | Killed a meat berserker
    21 | D        | Killed a meat berserker
    22 | D        | Reached XP level 20. HP: 157/157 MP: 0/0
    23 | D        | Reached skill level 27 in Armour
    23 | D        | Reached XP level 21. HP: 179/179 MP: 0/0
    23 | D        | Learned a level 7 spell: Spellforged Servitor
    23 | D        | Noticed a meat berserker
    23 | D        | Noticed a large bag of meat
    23 | D        | Noticed a large bag of meat
    23 | D        | Noticed a meat berserker
    24 | D        | Killed a meat berserker
    24 | D        | Noticed a meat berserker
    25 | D        | Reached skill level 27 in Fighting
    25 | D        | Killed a meat berserker
    25 | D        | Killed a large bag of meat
    26 | D        | Reached XP level 22. HP: 194/194 MP: 0/0
    26 | D        | Killed a large bag of meat
    26 | D        | Killed a meat berserker
    26 | D        | Noticed a large bag of meat
    27 | D        | Reached skill level 27 in Invocations
    27 | D        | Killed a large bag of meat
    27 | D        | Noticed a meat berserker
    28 | D        | Killed a meat berserker
    28 | D        | Noticed a meat berserker
    29 | D        | Reached skill level 27 in Evocations
    29 | D        | Reached XP level 23. HP: 201/201 MP: 0/0
    29 | D        | Learned a level 8 spell: Summon Horrible Things
    34 | D        | Noticed a destroyer
    36 | D        | Noticed a destroyer
    37 | D        | Noticed The Servant
    38 | D        | Killed a destroyer
    38 | D        | Killed a destroyer
    38 | D        | Killed The Servant
    39 | D        | Reached skill level 27 in Maces & Flails
    39 | D        | Reached XP level 24. HP: 208/208 MP: 0/0
    41 | D        | Noticed a destroyer
    42 | D        | Noticed a destroyer
    49 | D        | Killed a destroyer
    50 | D        | Reached skill level 27 in Polearms
    50 | D        | Reached XP level 25. HP: 214/214 MP: 0/0
    50 | D        | Learned a level 9 spell: Shatter
    53 | D        | Reached skill level 27 in Staves
    53 | D        | Reached XP level 26. HP: 221/221 MP: 0/0
    54 | D        | Noticed a tyrant
    56 | D        | Killed a tyrant
    57 | D        | Reached skill level 27 in Unarmed Combat
    61 | D        | Noticed a tyrant
    62 | D        | Killed a tyrant
    63 | D        | Reached skill level 27 in Long Blades
    64 | D        | Noticed a destroyer
    65 | D        | Killed a destroyer
    66 | D        | Reached skill level 27 in Short Blades
    66 | D        | Reached skill level 5 in Throwing
    66 | D        | Reached XP level 27. HP: 228/228 MP: 0/0
    66 | D        | Learned a level 9 spell: Polar Vortex
    67 | D        | Noticed a meat beast
    68 | D        | Killed a meat beast
    69 | D        | Reached skill level 27 in Throwing
    70 | D        | Noticed a meat beast
    70 | D        | Killed a meat beast
    70 | D        | Noticed a meat beast
    71 | D        | Reached skill level 27 in Ranged Weapons
    71 | D        | Noticed a dread
    72 | D        | Noticed a meat beast
    72 | D        | Noticed an accursed
    73 | D        | Killed a meat beast
    74 | D        | Reached skill level 27 in Shields
    74 | D        | Killed a meat beast
    74 | D        | Killed a dread
    74 | D        | Killed an accursed
    77 | D        | Noticed a meat beast
    78 | D        | Noticed a destroyer
    80 | D        | Killed a meat beast
    81 | D        | Killed a destroyer
    81 | D        | Killed a destroyer
    82 | D        | Noticed a large bag of meat
    82 | D        | Noticed an accursed
    83 | D        | Noticed a destroyer
    84 | D        | Noticed a large bag of meat
    84 | D        | Noticed a large bag of meat
    86 | D        | Killed a large bag of meat
    86 | D        | Killed an accursed
    87 | D        | Killed a destroyer
    87 | D        | Noticed a meat beast
    88 | D        | Noticed a meat beast
    88 | D        | Noticed a destroyer
    88 | D        | Noticed an accursed
    89 | D        | Killed a meat beast
    90 | D        | Killed a destroyer
    90 | D        | Noticed a tyrant
    90 | D        | Noticed a meat beast
    90 | D        | Noticed a destroyer
    91 | D        | Killed a meat beast
    92 | D        | Killed a tyrant
    92 | D        | Killed a meat beast
    93 | D        | Killed a large bag of meat
    93 | D        | Killed a large bag of meat
    93 | D        | Killed a destroyer
    93 | D        | Noticed a tyrant
    94 | D        | Killed a tyrant
    94 | D        | Killed an accursed
    99 | D        | Noticed The Defiler
   102 | D        | Noticed an accursed
   102 | D        | Noticed a large bag of meat
   107 | D        | Noticed a tyrant
   109 | D        | Killed The Defiler
   110 | D        | Killed a large bag of meat
   110 | D        | Noticed a tyrant
   111 | D        | Noticed a dread
   114 | D        | Noticed a dread
   115 | D        | Killed a tyrant
   115 | D        | Noticed a destroyer
   116 | D        | Killed a tyrant
   116 | D        | Killed an accursed
   116 | D        | Killed a dread
   116 | D        | Killed a dread
   117 | D        | Noticed a dread
   117 | D        | Noticed a fleshlord
   118 | D        | Noticed a fleshlord
   119 | D        | Killed a fleshlord
   119 | D        | Killed a fleshlord
   123 | D        | Noticed a fleshlord
   123 | D        | Noticed a fleshlord
   124 | D        | Killed a fleshlord
   124 | D        | Killed a dread
   125 | D        | Noticed a fleshlord
   125 | D        | Killed a fleshlord
   125 | D        | Killed a fleshlord
   125 | D        | Killed a destroyer
   125 | D        | Noticed a fleshlord
   126 | D        | Noticed a fleshlord
   126 | D        | Killed a fleshlord
   126 | D        | Killed a fleshlord
   128 | D        | Noticed a fleshlord
   128 | D        | Noticed a dread
   128 | D        | Noticed a fleshlord
   128 | D        | Noticed a fleshlord
   129 | D        | Killed a fleshlord
   129 | D        | Killed a fleshlord
   130 | D        | Killed a dread
   130 | D        | Killed a fleshlord
   130 | D        | Noticed a destroyer
   130 | D        | Noticed a meat beast
   132 | D        | Noticed a meat beast
   132 | D        | Noticed a fleshlord
   133 | D        | Killed a meat beast
   135 | D        | Noticed a dread
   135 | D        | Noticed a fleshlord
   135 | D        | Noticed a tyrant
   137 | D        | Killed a fleshlord
   137 | D        | Killed a destroyer
   137 | D        | Noticed a dread
   139 | D        | Noticed a meat beast
   139 | D        | Killed a meat beast
   141 | D        | Noticed an accursed
   142 | D        | Noticed a meat beast
   142 | D        | Killed a tyrant
   142 | D        | Killed a meat beast
   142 | D        | Noticed a meat beast
   142 | D        | Noticed a dread
   143 | D        | Killed a dread
   143 | D        | Killed a meat beast
   143 | D        | Killed a dread
   143 | D        | Killed an accursed
   144 | D        | Noticed The Meatlord
   144 | D        | Noticed an accursed
   144 | D        | Noticed a dread
   145 | D        | Killed a dread
   145 | D        | Noticed a meat beast
   145 | D        | Noticed a large bag of meat
   146 | D        | Noticed a large bag of meat
   146 | D        | Noticed a fleshlord
   148 | D        | Killed a meat beast
   148 | D        | Killed from afar by The Meatlord

Illustrated notes

Levels and vault maps discovered:
D:        meatsprint

Skill      XL: |  1  2  3  4  5  6  7  8  9 10 11 12 13 14 15 16 17 18 19 20 21 22 23 24 25 26 27 |
---------------+----------------------------------------------------------------------------------+-----
Axes           | 17 19 21 24 26 27 | 27.0
Dodging        | 16 18 20 22 24 26 27 | 27.0
Spellcasting   | 12 13 14 16 18 20 24 27 | 27.0
Stealth        | 10 20 27 | 27.0
Armour         | 21 26 27 | 27.0
Fighting       | 18 24 27 | 27.0
Unarmed Combat | 19 26 27 | 27.0
Invocations    | 24 27 | 27.0
Evocations     | 27 | 27.0
Maces & Flails | 13 27 | 27.0
Polearms       | 20 27 | 27.0
Staves         | 18 27 | 27.0
Long Blades    | 27 | 27.0
Short Blades   | 27 | 27.0
Throwing       | 5 27 | 27.0
Ranged Weapons | 27 | 27.0
Shields        | 27 | 27.0

Action                     |  1- 3 |  4- 6 |  7- 9 | 10-12 | 13-15 | 16-18 | 19-21 | 22-24 | 25-27 || total
---------------------------+-------+-------+-------+-------+-------+-------+-------+-------+-------++-------
  Melee: Executioner's axe |     1 |       |       |     1 |     9 |    15 |    14 |    19 |   137 ||   196
   Cast: Manifold Assault  |       |       |       |       |     2 |     5 |     4 |     9 |    37 ||    57
  Dodge: Dodged            |       |       |       |       |       |       |       |       |     7 ||     7
